 Dungeon Crawl Stone Soup version 0.22-a0-192-g6ffc940 (webtiles) character file.

217 vishdafish the Bolt Thrower (level 5, 0/41 HPs)
             Began as a Demonspawn Hunter on Feb 16, 2018.
             Slain by Moloch's ghost (16 damage)
             ... on level 3 of the Dungeon.
             The game lasted 00:03:44 (2124 turns).

vishdafish the Bolt Thrower (Demonspawn Hunter)     Turns: 2124, Time: 00:03:45

Health: 0/41       AC:  7    Str: 12    XL:     5   Next: 61%
Magic:  5/5        EV: 11    Int: 13    God:
Gold:   150        SH:  0    Dex: 14    Spells: 4/4 levels left

rFire    + . .     SeeInvis .   g - +2 spear (venom)
rCold    . . .     Gourm    .   (no shield)
rNeg     . . .     Faith    .   u - +0 ring mail {rF+}
rPois    .         Spirit   .   (helmet restricted)
rElec    .         Reflect  .   (no cloak)
rCorr    +         Harm     .   (no gloves)
MR       .....                  (no boots)
Stlth    +.........             (no amulet)
HPRegen  0.13/turn              i - ring of resist corrosion
MPRegen  0.09/turn              (no ring)

@: no status effects
A: antennae 1, thin metallic scales 1, spiny 1
a: no special abilities


You were on level 3 of the Dungeon.
You were hungry.

You visited 1 branch of the dungeon, and saw 3 of its levels.

You collected 150 gold pieces.

Inventory:

Hand Weapons
 a - a +1 hand crossbow
 b - a +0 short sword
 g - a +2 spear of venom (weapon)
Missiles
 d - 37 bolts
Armour
 c - a +0 leather armour
 o - a +0 helmet
 u - a +0 ring mail of fire resistance (worn)
 w - a +0 robe of the Archmagi
Jewellery
 i - a ring of resist corrosion (left hand)
Scrolls
 e - a scroll of immolation {unknown}
 j - a scroll of fog {unknown}
 k - a scroll of amnesia {unknown}
 p - a scroll of noise {unknown}
 r - a scroll of blinking {unknown}
 s - 3 scrolls of identify {unknown}
Potions
 h - a potion of flight {unknown}
 l - 2 potions of lignification {unknown}
 m - 2 potions of berserk rage {unknown}
 n - 2 potions of curing {unknown}
 q - 2 potions of mutation {unknown}
 t - a potion of ambrosia {unknown}
 v - 2 potions of agility {unknown}
Comestibles
 f - 9 rations


   Skills:
 + Level 3.5 Fighting
 + Level 4.6 Crossbows
 * Level 2.3 Armour
 - Level 2.6 Dodging
 - Level 0.8 Stealth


You had 4 spell levels left.
You didn't know any spells.

Dungeon Overview and Level Annotations

Branches:
Dungeon (3/15)

Altars:
Kikubaaqudgha

Annotations:
D:3 Moloch's ghost, amateur CeFi


Innate Abilities, Weirdness & Mutations

You have a pair of small antennae on your head.
You are partially covered in thin metallic scales. (AC +2)
You are partially covered in sharp spines.


Message History

Moloch's ghost is lightly damaged.
Moloch's ghost misses you.
You hit Moloch's ghost but do no damage.
Moloch's ghost is lightly damaged.
Moloch's ghost hits you.
You hit Moloch's ghost but do no damage.
Moloch's ghost is lightly damaged.
Moloch's ghost closely misses you.
You barely miss Moloch's ghost.
Moloch's ghost is lightly damaged.
Moloch's ghost is struck by your spines.
Moloch's ghost barely misses you.
You hit Moloch's ghost but do no damage.
Moloch's ghost is moderately damaged.
Moloch's ghost hits you!!
You completely miss Moloch's ghost.
Moloch's ghost is moderately damaged.
Moloch's ghost whispers, "The ORB doesn't exist."
Moloch's ghost hits you!
You die...

#.....†..# #..PP....#.#
#........# #PPP...#.#.##
#...†....# # #####...P.###..#
#####.#######.##.............#
#####.........##.....####....##
.....##..............# ###>..###
####.##..............# ###.##.
####.##..............###### #.##.
..)..##.........@W........###....
###..##...............#..........
.....##..........##..#[#..#####..
###.###..........#..#._.#..# #..
#.###..........#...#.#....# #..
#..............#....#.)...# #..
#####..........#..........# #..
#...........+..........# #..
#......######..........# #..


You could see Moloch's ghost.

Vanquished Creatures
  Sigmund (D:3)
  2 adders (D:2)
  2 leopard geckos
  4 bats
  3 giant cockroaches
  9 goblins
  5 hobgoblins
  5 jackals (D:2)
  6 kobolds
  A ball python (D:2)
  4 frilled lizards
  9 rats
51 creatures vanquished.

Vanquished Creatures (others)
  2 withered plants (D:3)
2 creatures vanquished.

Grand Total: 53 creatures vanquished

Notes
Turn   | Place    | Note
-------+----------+-------------------------------------------
     0 | D:1      | vishdafish the Demonspawn Hunter began the quest for the Orb.
     0 | D:1      | Reached XP level 1. HP: 16/16 MP: 1/1
   167 | D:1      | Gained mutation: You are partially covered in thin metallic scales. (AC +2) [demonic ancestry]
   167 | D:1      | Reached XP level 2. HP: 22/22 MP: 2/2
   425 | D:1      | Reached skill level 4 in Crossbows
   648 | D:2      | Reached XP level 3. HP: 28/28 MP: 3/3
  1666 | D:3      | Noticed Moloch's ghost (amateur CeFi)
  1818 | D:3      | Gained mutation: You are partially covered in sharp spines. [demonic ancestry]
  1818 | D:3      | Reached XP level 4. HP: 34/34 MP: 4/4
  1861 | D:3      | Noticed Sigmund
  1867 | D:3      | Killed Sigmund
  1867 | D:3      | Gained mutation: You have a pair of small antennae on your head. [demonic ancestry]
  1867 | D:3      | Reached XP level 5. HP: 21/41 MP: 5/5
  2049 | D:3      | Found a faded altar of an unknown god.
  2093 | D:3      | Found an ancient bone altar of Kikubaaqudgha.
  2124 | D:3      | Slain by Moloch's ghost

Vault maps used:
D:1:      mrwooster_arrival_arrow
D:2:      first_ration
D:3:      kiku_gazebo_garden_becter, lemuel_round_altar,
          chequers_ecumenical_altar_simple_redux, minmay_three_crescents,
          uniq_sigmund

Skill      XL: |  1  2  3  4 |
---------------+-------------+-----
Dodging        | 2 |  2.6
Crossbows      | 4 |  4.6
Fighting       | 3 |  3.5
Armour         | 2 |  2.3
Stealth        | |  0.8

Action                   |  1- 3 |  4- 6 || total
-------------------------+-------+-------++-------
Melee: Spear             |    37 |    26 ||    63
 Fire: Hand crossbow     |    71 |       ||    71
  Eat: Chunk             |     2 |     1 ||     3
Armor: Leather armour    |    16 |       ||    16
       Ring mail         |       |     4 ||     4
Dodge: Dodged            |    37 |    11 ||    48

Table legend:
 A = Spawn XP
 B = Non-spawn XP
 C = Spawn XP percentage of total XP
 D = Spawn monster count
 E = Non-spawn monster count
 F = Spawn count percentage of total count
 G = Total turns spent on level
                    A         B        C        D         E        F      G
               +---------+---------+-------+---------+---------+-------+---------
         Total |       0 |     310 |   0.0 |       0 |      51 |   0.0 |  2124
               +---------+---------+-------+---------+---------+-------+---------
           D:1 |       0 |      32 |   0.0 |       0 |      21 |   0.0 |   491
           D:2 |       0 |      56 |   0.0 |       0 |      19 |   0.0 |  1143
           D:3 |       0 |     222 |   0.0 |       0 |      11 |   0.0 |   490
               +---------+---------+-------+---------+---------+-------+---------
